 Dungeon Crawl Stone Soup version 0.31-a0-185-g9dded2c639 (webtiles) character file.

Game seed: 3794608382762479556

166 qw the Skirmisher (level 5, 0/29 HPs)
             Began as a Deep Elf Hunter on June 22, 2023.
             Slain by a jackal (2 damage)
             ... in a sewer.
             The game lasted 00:00:58 (1974 turns).

qw the Skirmisher (Deep Elf Hunter)                 Turns: 1974, Time: 00:00:59

Health: 0/29       AC: 11    Str: 10    XL:     5   Next: 22%
Magic:  7/7        EV:  8    Int: 14    God:
Gold:   108        SH:  0    Dex: 18    Spells: 4/4 levels left

rFire   . . .        Y - +0 shortbow
rCold   . . .        (shield currently unavailable)
rNeg    . . .        e - +0 ring mail
rPois   .            f - +0 helmet
rElec   .            (no cloak)
rCorr   .            (no gloves)
SInv    .            d - +0 pair of boots
Will    .....        (no amulet)
Stlth   +            h - +4 ring of protection
HPRegen 0.24/turn    (no ring)
MPRegen 0.10/turn

%: no passive effects
@: about to teleport, constricted
A: no striking features
a: no special abilities


You were in a sewer.
You visited 1 branch of the dungeon, and saw 3 of its levels.
You also visited: Sewer.

You collected 108 gold pieces.


   Skills:
 - Level 1.5 Fighting
 + Level 8.7 Ranged Weapons
 - Level 2.4 Dodging
 - Level 1.2 Stealth


You had 4 spell levels left.
You didn't know any spells.
Your spell library was empty.

Inventory:

Hand Weapons
 Y - a +0 shortbow (weapon)
Armour
 d - a +0 pair of boots (worn)
 e - a +0 ring mail (worn)
 f - a +0 helmet (worn)
Jewellery
 h - a +4 ring of protection (left hand)
Scrolls
 b - a scroll of identify {unknown}
 i - 3 scrolls of enchant weapon {unknown}
Potions
 c - a potion of berserk rage {unknown}
 g - a potion of heal wounds {unknown}
 j - 3 potions of haste {unknown}
 k - a potion of brilliance {unknown}

Dungeon Overview and Level Annotations

Branches:
Dungeon (3/15)              Sewer (1/1)

Altars:


Message History

As you read the scroll of teleportation, it crumbles to dust.
You feel strangely unstable.
The jackal bites you but does no damage.
The jackal bites you.
The ball python bites you but does no damage.
The ball python misses you. The jackal barely misses you.
The worm barely misses you. The ball python barely misses you.
The ball python closely misses you.
The jackal bites you but does no damage.
The jackal misses you.
The river rat bites you but does no damage.
The ball python barely misses you. The ball python grabs you.
The ball python constricts you.
You shoot an arrow. The arrow hits the ball python.
The ball python is moderately wounded.
The ball python barely misses you.
The jackal bites you but does no damage.
The jackal barely misses you. The jackal closely misses you.
The ball python bites you but does no damage. x2
The ball python constricts you. The river rat barely misses you.
The jackal closely misses you. The ball python barely misses you.
The worm bites you but does no damage.
You shoot an arrow.
The arrow barely misses the ball python.
The jackal bites you but does no damage. x2
The ball python completely misses you.
The jackal bites you but does no damage.
The ball python closely misses you. The ball python constricts you.
The ball python closely misses you. The river rat closely misses you.
The jackal barely misses you.
The jackal bites you but does no damage.
You shoot an arrow. The arrow hits the ball python!
You kill the ball python!
The ball python barely misses you. The ball python grabs you.
The ball python constricts you.
The jackal bites you but does no damage.
The ball python bites you but does no damage.
The jackal bites you but does no damage.
The jackal bites you.
You die...

############~~~#
~~~~# ## #~~~#
~~~.. !## #~~~#
~~.~~###.!#
#~~~#
~~..~.#!!.#
#~~~# ~...#...#
#~~~# #~....!#
#~~~# #..h.S.#
#.S@h# #.rwh#
###.## ###


You could see a worm, a river rat, 3 jackals and 2 ball pythons.

Vanquished Creatures
  10 adders
  A worm (D:3)
  9 ball pythons
  5 endoplasms
  4 giant cockroaches
  A goblin (D:2)
  8 hobgoblins
  5 jackals
  9 quokkas
  8 bats
  3 frilled lizards (D:3)
  5 kobolds
  6 rats
74 creatures vanquished.

Notes
Turn   | Place    | Note
-------+----------+-------------------------------------------
     0 | D:1      | qw the Deep Elf Hunter began the quest for the Orb.
     0 | D:1      | Reached XP level 1. HP: 12/12 MP: 3/3
     0 | D:1      | 0 ||| qw: Version: 0.3-a-9-g12657ce
     0 | D:1      | 0 ||| qw: Game counter: 1855
     0 | D:1      | 0 ||| qw: Always use a shield: true
     0 | D:1      | 0 ||| qw: God list: Okawaru
     0 | D:1      | 0 ||| qw: Allow faded altars: false
     0 | D:1      | 0 ||| qw: Do Orc after D:15 true
     0 | D:1      | 0 ||| qw: Do second Lair branch before Depths: true
     0 | D:1      | 0 ||| qw: Lair rune preference: random
     0 | D:1      | 0 ||| qw: Plans: Normal
     0 | D:1      | 0 ||| PLANNING D:1-11
   104 | D:1      | Reached XP level 2. HP: 16/16 MP: 4/4
   114 | D:1      | Reached skill level 6 in Ranged Weapons
   439 | D:1      | Found a faded altar of an unknown god.
   757 | D:1      | 757 ||| UPGRADING to +0 ring mail.
   767 | D:1      | 767 ||| DROPPING +0 leather armour.
   768 | D:1      | 768 ||| UPGRADING to +0 helmet.
   773 | D:1      | 773 ||| UPGRADING to +4 ring of protection.
   774 | D:1      | 774 ||| READING 2 scrolls labelled MITEWI EVUEPNA.
   775 | D:1      | 775 ||| READING scroll labelled IFFUYD JOCOR.
   876 | D:1      | 876 ||| READING scroll labelled DUNAP DAOZAIGUL.
   877 | D:1      | 877 ||| DROPPING scroll of amnesia.
   878 | D:1      | 878 ||| DROPPING scroll of butterflies.
   930 | D:2      | Reached XP level 3. HP: 20/20 MP: 5/5
   937 | D:2      | Reached skill level 7 in Ranged Weapons
  1294 | D:2      | Reached XP level 4. HP: 25/25 MP: 6/6
  1490 | D:2      | 1490 ||| UPGRADING to +0 pair of boots.
  1495 | D:2      | 1495 ||| READING scroll labelled MYOJUG ROKHLAU.
  1500 | D:2      | 1500 ||| READING scroll labelled MUEFYORURR.
  1527 | D:3      | 1527 ||| PLANNING SEWER
  1557 | D:3      | Reached skill level 8 in Ranged Weapons
  1750 | D:3      | Found a glowing drain.
  1751 | D:3      | 1751 ||| DROPPING ring of magical power.
  1755 | Sewer    | Entered a sewer
  1788 | Sewer    | Reached XP level 5. HP: 29/29 MP: 7/7
  1793 | Sewer    | 1793 ||| Stepping ~*~*~tactically~*~*~ (water).
  1801 | Sewer    | 1801 ||| Stepping ~*~*~tactically~*~*~ (water).
  1967 | Sewer    | HP: 7/29 [poisoned by an adder]
  1968 | Sewer    | 1968 ||| READING 2 scrolls of teleportation.
  1971 | Sewer    | 1971 ||| READING scroll of teleportation.
  1971 | Sewer    | HP: 3/29 [jackal (1)]
  1974 | Sewer    | Slain by a jackal

Levels and vault maps discovered:
D:1:      ncdulo_wetmaze, layout_basic, shapermc_ecumenical_altar_starsandcircs,
          minmay_splitting_lines, minmay_box_of_dots
D:2:      layout_basic
D:3:      layout_rooms, gup_sewer_entry_bowl
Sewer:    sewer_fruit_machine

Skill      XL: |  1  2  3  4 |
---------------+-------------+-----
Ranged Weapons | 6 7 8 |  8.7
Fighting       | |  1.5
Dodging        | |  2.4
Stealth        | |  1.2

Action                     |  1- 3 |  4- 6 || total
---------------------------+-------+-------++-------
   Fire: Shortbow          |   109 |   132 ||   241
    Use: Scroll            |     3 |     4 ||     7
 Armour: Leather armour    |     4 |       ||     4
         Ring mail         |    15 |    78 ||    93
  Dodge: Dodged            |    32 |    94 ||   126

Table legend:
 A = Non-vault XP
 B = Vault XP
 C = Vault XP percentage of total XP
 D = Non-vault monster count
 E = Vault monster count
 F = Vault count percentage of total count
                 A         B        C        D         E       F
            +---------+---------+-------+---------+---------+-------
      Total |     169 |      70 |  29.3 |      53 |      21 |  28.4
            +---------+---------+-------+---------+---------+-------
        D:1 |      34 |       1 |   2.9 |      20 |       1 |   4.8
        D:2 |      89 |       0 |   0.0 |      20 |       0 |   0.0
        D:3 |      46 |       7 |  13.2 |      13 |       4 |  23.5
      Sewer |       0 |      62 | 100.0 |       0 |      16 | 100.0
            +---------+---------+-------+---------+---------+-------
